 Dungeon Crawl Stone Soup version 0.22.1-1-ga44c0e5 (webtiles) character file.

267 Larett the Covert (level 6, -5/30 HPs)
             Began as a Spriggan Assassin on Nov 4, 2018.
             Slain by a gnoll
             ... wielding a +0 flail
              (7 damage)
             ... on level 3 of the Dungeon.
             The game lasted 00:08:58 (3968 turns).

Larett the Covert (Spriggan Assassin)               Turns: 3968, Time: 00:08:59

Health: -5/30      AC:  4    Str:  7    XL:     6   Next: 0%
Magic:  7/7        EV: 17    Int: 13    God:
Gold:   61         SH:  0    Dex: 19    Spells: 5/5 levels left

rFire    . . .     SeeInvis +   a - +3 dagger
rCold    . . .     Gourm    .   (shield restricted)
rNeg     . . .     Faith    .   c - +0 robe
rPois    .         Spirit   .   (helmet restricted)
rElec    .         Reflect  .   d - +1 cloak
rCorr    .         Harm     .   (gloves unavailable)
MR       +....                  (boots unavailable)
Stlth    +++++.....             (no amulet)
HPRegen  0.10/turn              (no ring)
MPRegen  0.10/turn              (no ring)

@: very quick
A: very small, unfitting armour, see invisible, herbivore, speed 3, slow
metabolism 2
a: no special abilities


You were on level 3 of the Dungeon.
You were very hungry.

You visited 1 branch of the dungeon, and saw 3 of its levels.

You collected 61 gold pieces.

Inventory:

Hand Weapons
 a - a +3 dagger (weapon)
 b - a +0 blowgun
 Y - a +1 mace of holy wrath
Missiles
 e - 8 poisoned needles
 f - 2 curare-tipped needles
 h - 66 stones (quivered)
 j - 31 arrows
 X - 6 sling bullets
 Z - 2 throwing nets {!f}
Armour
 c - a +0 robe (worn)
 d - a +1 cloak (worn)
Scrolls
 k - 3 scrolls of remove curse
 V - a scroll of enchant weapon
Potions
 l - a potion of brilliance
 n - a potion of flight {unknown}
 Q - 2 potions of curing
Comestibles
 g - 4 rations


   Skills:
 - Level 1.5 Fighting
 - Level 2.1 Short Blades
 - Level 2.0 Throwing
 + Level 1.5 Dodging
 - Level 11.0 Stealth


You had 5 spell levels left.
You didn't know any spells.
Your spell library was empty.

Dungeon Overview and Level Annotations

Branches:
Dungeon (3/15)

Altars:
Nemelex Xobeh


Innate Abilities, Weirdness & Mutations

You are very small and have problems with some larger weapons.
You are too small for most types of armour.
You have supernaturally acute eyesight. (SInv)
You are a herbivore.
You cover ground extremely quickly.
You need to consume almost no food.


Message History

Firing (i - inventory. (/) - cycle)
e - 9 poisoned needles (quivered)
Press: ? - help, Shift-Dir - straight line, f/p - gnoll
Aim: a gnoll, wielding a flail (moderately wounded, poisoned)
You shoot a poisoned needle. The poisoned needle hits the gnoll.
The gnoll looks even sicker.
The gnoll is moderately wounded.
a - a +3 dagger (weapon)
You barely miss the gnoll.
The gnoll is moderately wounded.
The gnoll barely misses you.
You hit the gnoll.
The gnoll is heavily wounded.
The gnoll hits you with a flail.
* * * LOW HITPOINT WARNING * * *
You hit the gnoll.
The gnoll is severely wounded.
You hit the gnoll.
The gnoll is almost dead.
The gnoll hits you with a flail!
You die...

≈≈≈≈≈≈≈≈≈≈≈≈≈≈≈≈≈≈....≈≈≈≈≈≈≈≈≈≈≈
.............)........g..).......
#####.#####.###.###...####.#.....
#.###........))(...##.#..###.
#......#....####.....###.# #.
######...##.# #.#.##.#..# #.
##.###.# #.#.# <#.. .. #.###.##
#.#.# #.###.#. #.##..@# #.#.# #
.#. #.##..g# #.# #.##..(# #.#
#.###..# #.#.# #.# #..# #.#.# #.#
#..# #.#.# .# #.###(.###.#.#.#
#.....(..>)...# #####..##...##.#


You could see a gnoll.

Vanquished Creatures
  An orc wizard (D:2)
  11 gnolls
  4 adders
  An adder skeleton (D:3)
  2 worms
  A dart slug (D:1)
  4 leopard geckos
  4 orcs (D:2)
  10 bats
  A giant cockroach (D:1)
  2 goblins
  9 hobgoblins
  18 jackals
  3 kobolds
  A quokka (D:2)
  A ball python (D:2)
  4 frilled lizards
  8 rats
85 creatures vanquished.

Notes
Turn   | Place    | Note
-------+----------+-------------------------------------------
     0 | D:1      | Larett the Spriggan Assassin began the quest for the Orb.
     0 | D:1      | Reached XP level 1. HP: 10/10 MP: 2/2
    14 | D:1      | Reached skill level 6 in Stealth
   136 | D:1      | Reached XP level 2. HP: 10/14 MP: 3/3
   533 | D:1      | Reached skill level 7 in Stealth
   925 | D:2      | Found a sparkling altar of Nemelex Xobeh.
  1284 | D:1      | Reached XP level 3. HP: 13/18 MP: 4/4
  1641 | D:2      | Reached skill level 8 in Stealth
  1717 | D:2      | Reached XP level 4. HP: 5/22 MP: 5/5
  2145 | D:2      | Reached skill level 9 in Stealth
  2663 | D:2      | Found a faded altar of an unknown god.
  2667 | D:2      | Reached XP level 5. HP: 25/25 MP: 6/6
  3058 | D:3      | Reached skill level 10 in Stealth
  3948 | D:3      | Reached skill level 11 in Stealth
  3948 | D:3      | Reached XP level 6. HP: 5/30 MP: 7/7
  3966 | D:3      | HP: 2/30 [gnoll/flail (5)]
  3968 | D:3      | Slain by a gnoll

Skill      XL: |  1  2  3  4  5 |
---------------+----------------+-----
Stealth        | 6 7 8 9 11 | 11.0
Fighting       | |  1.5
Short Blades   | |  2.1
Throwing       | |  2.0
Dodging        | |  1.5

Action                   |  1- 3 |  4- 6 || total
-------------------------+-------+-------++-------
Melee: Dagger            |   115 |   206 ||   321
 Fire: Blowgun           |     6 |    22 ||    28
  Use: Scroll            |     3 |     4 ||     7
 Stab: Sleeping          |    12 |    10 ||    22
       Distracted        |       |     3 ||     3
Armor: Robe              |    19 |    25 ||    44
Dodge: Dodged            |   115 |   162 ||   277
